Cogmind - Beta 16 @@@ ROGUE MODE // 2025.11.07 @ 13:02:21 Player: Demo Result: Destroyed by Decapitator with Experimental Terror Saw Performance ------------- Evolutions (8) 4000 Regions Visited (11) 2200 Robots Destroyed (24) 120 Value Destroyed (718) 718 Prototype IDs (5) 100 Alien Tech Used (0) 0 Bonus (911) 911 TOTAL SCORE: 8049 Bonus ------- Follower Combat Kills 111 Registered with UFD 300 Met Optimus in HQ 500 Cogmind --------- Core Integrity 0/1450 Matter 99/300 Energy 15/100 System Corruption 3% Temperature Cool (6) Movement Flying (32) Location -2/Protoforge Parts ------- > --- POWER (2) -------- (None) > --- PROPULSION (6) --- Cooled Impulse Thruster > --- UTILITY (11) ----- Advanced Signal Interpreter Advanced Terrain Scan Processor Graphene Brace Hacking Suite Hacking Suite Hacking Suite Improved Hacking Suite > --- WEAPON (4) ------- Vibroblade > --- INVENTORY (5) ---- Light Quantum Reactor Hybrid Graviton Reactor Stasis Canceller Z-bomb Delivery System Peak State ------------ > --- POWER ------------ Light Quantum Reactor Hybrid Graviton Reactor > --- PROPULSION ------- Nuclear Pulse Array Advanced Surge Thruster Advanced Surge Thruster Advanced Surge Thruster Cooled Impulse Thruster > --- UTILITY ---------- Advanced Weight Redist. System Advanced Sensor Array Advanced Signal Interpreter Advanced Terrain Scan Processor Stasis Canceller Graphene Brace Hacking Suite Hacking Suite Hacking Suite Improved Hacking Suite System Shield > --- WEAPON ----------- Vibroblade Vibroblade Vibroblade Vibroblade > --- INVENTORY -------- Particle Reactor Advanced Surge Thruster Advanced Surge Thruster Energy Well Z-bomb Delivery System [Rating: 143] Favorites ----------- Power Nuclear Core Engine Light Deuterium Engine Power Core Nuclear Core Reactor Light Quantum Reactor Propulsion Advanced Surge Thruster Treads Light Treads Wheel Subdweller Monowheel Hover Unit Gravmag System Flight Unit Advanced Surge Thruster Utility Hacking Suite Device Advanced Weight Redist. System Storage Energy Well Processor Advanced Signal Interpreter Hackware Hacking Suite Protection Scrap Shield Weapon Makeshift Spear Energy Cannon Subdweller Beam Cannon Launcher Rocket Launcher Impact Weapon Makeshift Hammer Slashing Weapon Vibroblade Piercing Weapon Makeshift Spear Build | -11 -10 -10 -10 -7 -7 -5 -4 -3 -2 -2 -2 ------- Run | Yrd Mat Min Sub Rec Scr Fac Fac Res Res Tes Frg Slots Evolved 16 | . . . . . . 10 2 2 2 . . Power 1 | . . . . . . 1 . . . . . Propulsion 4 | . . . . . . 4 . . . . . Utility 9 | . . . . . . 5 2 2 . . . Weapon 2 | . . . . . . . . . 2 . . Parts Attached 60 | 2 . 1 6 2 7 11 7 10 4 8 2 Power 8 | . . . 1 . 1 2 . 1 2 . 1 Engine 3 | . . . 1 . . 2 . . . . . Core 1 | . . . . . 1 . . . . . . Reactor 4 | . . . . . . . . 1 2 . 1 Propulsion 19 | 2 . . 2 . 2 2 3 5 . 2 1 Treads 2 | 2 . . . . . . . . . . . Leg . | . . . . . . . . . . . . Wheel 2 | . . . 2 . . . . . . . . Hover 1 | . . . . . . . 1 . . . . Flight 14 | . . . . . 2 2 2 5 . 2 1 Utility 24 | . . . 1 2 3 7 4 4 2 1 . Device 7 | . . . . . . 3 1 2 1 . . Storage 1 | . . . . . . 1 . . . . . Processor 9 | . . . . 2 2 1 1 2 . 1 . Hackware 5 | . . . . . 1 1 2 . 1 . . Protection 2 | . . . 1 . . 1 . . . . . Artifact . | . . . . . . . . . . . . Weapon 9 | . . 1 2 . 1 . . . . 5 . Energy Gun . | . . . . . . . . . . . . Energy Cannon 1 | . . . 1 . . . . . . . . Ballistic Gun . | . . . . . . . . . . . . Ballistic Cannon . | . . . . . . . . . . . . Launcher 2 | . . 1 . . . . . . . 1 . Special Weapon . | . . . . . . . . . . . . Impact Weapon 1 | . . . . . 1 . . . . . . Slashing Weapon 4 | . . . . . . . . . . 4 . Piercing Weapon 1 | . . . 1 . . . . . . . . Special Melee Weapon . | . . . . . . . . . . . . Unidentified Prototypes 4 | . . . . . . . . . . 3 1 Parts Lost 19 | . . . 1 1 . 1 3 4 1 . 8 Power 2 | . . . . . . . . 2 . . . Propulsion 9 | . . . . 1 . 1 1 1 . . 5 Utility 7 | . . . 1 . . . 2 1 . . 3 Weapon 1 | . . . . . . . . . 1 . . Highest Loss Streak 8 | . . . 1 1 . 1 2 3 1 . 8 To Critical Strikes . | . . . . . . . . . . . . Average Backups 3 | . . 1 2 2 3 4 4 5 4 4 4 Power . | . . . . . . . . . . 1 1 Propulsion . | . . . . . . . . . 2 2 1 Utility 1 | . . . 1 1 1 3 2 2 1 1 1 Weapon . | . . . 1 1 1 1 1 1 . . 1 Tool/Special . | . . . . . . . . . . . . Unused Backups 4 | . . . . . . 2 1 . 1 . . Power . | . . . . . . . . . . . . Propulsion . | . . . . . . . . . . . . Utility 2 | . . . . . . 1 1 . . . . Weapon . | . . . . . . . . . . . . Tool/Special 2 | . . . . . . 1 . . 1 . . Average Slot Usage (%) 68 | . 28 28 58 56 75 75 87 78 81 84 81 Engine 1 | . . . 4 . . 1 5 3 . . . Core 2 | . . . . . 6 5 5 2 . . . Reactor 1 | . . . . . . . . 1 3 4 4 Treads 5 | . 28 28 12 . . . . . . . . Wheel 3 | . . . 15 20 7 . . . . . . Flight 12 | . . . . . 13 18 17 21 21 21 17 Device 8 | . . . . . . 14 20 13 17 17 12 Processor 8 | . . . . 20 22 10 6 5 9 8 8 Hackware 10 | . . . . . 3 7 19 19 20 21 20 Protection 1 | . . . 6 . . 2 . . . . . Impact Weapon 2 | . . . . . 6 5 5 4 4 2 . Slashing Weapon 1 | . . . . . . . . . . 5 15 Piercing Weapon 5 | . . . 12 14 14 5 5 4 4 2 . Peak Build Rating 143 | 2 2 4 16 16 27 52 78 108 115 133 143 Average Rating 50 | 1 2 2 10 13 20 45 65 81 104 116 116 On Entrance 44 | . 2 2 2 12 14 27 50 74 108 105 133 Avg Prop Armor Cover (%) 26 | 41 41 41 38 22 19 . 5 . . . . Naked Turns . | . . . . . . . . . . . . Heaviest Build 43 | . . 4 33 2 12 22 24 30 29 37 43 Greatest Support 51 | 3 3 3 40 3 13 33 39 41 46 46 51 Greatest Overweight (x) 3 | . . 1 . . . . . 1 . . 3 Average Overweight (x) . | . . . . . . . . . . . . Largest Inventory Capacity 5 | 5 5 5 5 5 5 5 5 5 5 5 5 Average Capacity 5 | 5 5 5 5 5 5 5 5 5 5 5 5 Most Carried 5 | . . 2 4 2 4 5 5 5 5 5 5 Average Carried 3 | . . 1 2 2 3 4 4 4 4 4 4 Final Capacity 5 | 5 5 5 5 5 5 5 5 5 5 5 5 Final Carried 5 | . . 2 2 2 4 5 5 5 4 5 4 Class Distribution -------------------- 32% | Mutant 23% | Hacker-Sprinter 12% | Hacker-Scout 9% | Derelict-Scout 7% | Derelict-Gladiator 7% | Hacker-Mutant 6% | Subdweller-Mutant Dominant Class ---------------- Mutant | -10/Materials Mutant | -10/Mines Mutant | -10/Subcaves Mutant | -7/Recycling Derelict-Gladiator | -7/Scraptown Derelict-Scout | -5/Factory Hacker-Scout | -4/Factory Hacker-Sprinter | -3/Research Hacker-Sprinter | -2/Research Hacker-Sprinter | -2/Testing Hacker-Sprinter | -2/Protoforge Resources | -11 -10 -10 -10 -7 -7 -5 -4 -3 -2 -2 -2 ----------- Run | Yrd Mat Min Sub Rec Scr Fac Fac Res Res Tes Frg Matter Collected 830 | 41 . 100 149 . 55 40 31 . 99 196 119 Remotely . | . . . . . . . . . . . . Salvage Created 730 | . . 13 131 . . 51 159 . 163 181 32 Parts 40 | . . 1 12 . . 7 6 . 5 6 3 Haulers Intercepted . | . . . . . . . . . . . . Recyclers Shooed 1 | . . . . . . . . 1 . . . Parts Field Recycled . | . . . . . . . . . . . . Retrieved Matter . | . . . . . . . . . . . . Parts Self-Destructed 1 | . . . 1 . . . . . . . . Prevented . | . . . . . . . . . . . . Parts Restored . | . . . . . . . . . . . . Kills | -11 -10 -10 -10 -7 -7 -5 -4 -3 -2 -2 -2 ------- Run | Yrd Mat Min Sub Rec Scr Fac Fac Res Res Tes Frg Combat Hostiles Destroyed 8 | . . 3 3 . . . . . 2 . . Melee 3 | . . . 3 . . . . . . . . AOE 5 | . . 3 . . . . . . 2 . . Classes Destroyed 7 | . . 1 1 . . 3 1 . . 1 . Worker 6 | . . . . . . 1 . . 3 2 . Builder 1 | . . . . . . . 1 . . . . Recycler 1 | . . . . . . . . . . 1 . Operator 3 | . . . . . . 1 1 . . . 1 Watcher 5 | . . . . . . 1 2 . 2 . . Swarmer 5 | . . 3 . . . . . . 2 . . Subdweller 3 | . . . 3 . . . . . . . . Best Kill Streak 4 | . . 3 1 . . 2 3 . 4 3 1 Combat Bots Only 3 | . . 3 1 . . . . . 2 . . Max Kills in Single Turn 2 | . . 1 1 . . 1 2 . 1 1 1 Gunslinging . | . . . . . . . . . . . . Exploded 1 | . . 1 . . . . . . 1 . . Melee 1 | . . . 1 . . . . . . . . Uniques/NPCs Destroyed . | . . . . . . . . . . . . Combat | -11 -10 -10 -10 -7 -7 -5 -4 -3 -2 -2 -2 -------- Run | Yrd Mat Min Sub Rec Scr Fac Fac Res Res Tes Frg Hostile Shots Fired 327 | . 3 20 90 27 . 11 36 38 17 2 83 Missed 138 | . 2 7 36 16 . 6 18 20 7 . 26 Hits 189 | . 1 13 54 11 . 5 18 18 10 2 57 Melee 18 | . . . . . . . . . . . 18 Projectile 171 | . 1 13 54 11 . 5 18 18 10 2 39 Critical Strikes 17 | . . . . . . . 1 . . . 16 Actively Blocked 16 | . . . . . . . . . . . 16 Damage Taken 3930 | . 12 121 540 76 . 96 286 319 219 86 2175 Core 1692 | . . 12 90 32 . 19 34 42 85 . 1378 Absorbed by Shields 110 | . . . . . . . 88 22 . . . Regen/Repaired (Parts) 26 | . . . . . . . . . 26 . . Core Remaining (%) 87 | 100 . . . . 46 98 97 96 . . . Volleys Fired 9 | . . 4 . . . . . . 3 . 2 Largest 1 | . . 1 . . . . . . 1 . 1 Hottest 33 | . . 33 . . . . . . 33 . 30 Shots Fired 9 | . . 4 . . . . . . 3 . 2 Gun . | . . . . . . . . . . . . Cannon . | . . . . . . . . . . . . Launcher 9 | . . 4 . . . . . . 3 . 2 Special . | . . . . . . . . . . . . Kinetic . | . . . . . . . . . . . . Thermal . | . . . . . . . . . . . . Explosive 9 | . . 4 . . . . . . 3 . 2 Electromagnetic . | . . . . . . . . . . . . Robot Hit Streak 3 | . . 3 . . . . . . . . . Robot Miss Streak 3 | . . 1 . . . . . . 3 . . Penetration Max . | . . . . . . . . . . . . Secondary Targets . | . . . . . . . . . . . . Shots Hit Robots 29 | . . 3 9 . . 3 3 1 6 3 1 Core Hits 32 | . . 4 4 . . 2 11 . 9 1 1 Critical Kills . | . . . . . . . . . . . . Critical Parts Destroyed 2 | . . . . . . . . . 2 . . Critical Strikes 4 | . . . 2 . . . . . 2 . . Smash 2 | . . . . . . . . . 2 . . Impale 2 | . . . 2 . . . . . . . . Melee Attacks 90 | . . . 14 . . 9 14 5 16 16 16 Impact 24 | . . . . . . 2 2 2 10 8 . Slashing 21 | . . . . . . . . . . 5 16 Piercing 45 | . . . 14 . . 7 12 3 6 3 . Sneak Attacks 9 | . . . . . . 1 . 1 4 3 . Combat Hostiles . | . . . . . . . . . . . . Follow-up Attacks 3 | . . . . . . 1 . . 2 . . Damage Inflicted 2931 | . . 351 220 . . 140 599 44 844 306 427 Guns . | . . . . . . . . . . . . Cannons . | . . . . . . . . . . . . Explosions 1545 | . . 330 . . . . 469 . 377 . 369 Melee 1365 | . . . 220 . . 140 130 44 467 306 58 Ramming 21 | . . 21 . . . . . . . . . Kinetic . | . . . . . . . . . . . . Thermal . | . . . . . . . . . . . . Explosive 1076 | . . 330 . . . . . . 377 . 369 Electromagnetic 469 | . . . . . . . 469 . . . . Impact 406 | . . . . . . 40 . . 366 . . Slashing 364 | . . . . . . . . . . 306 58 Piercing 595 | . . . 220 . . 100 130 44 101 . . Highest Corruption 3 | . . . . . . . . . . . 3 Average Corruption 2 | . . . . . . . . . . . 2 Corruption Purged . | . . . . . . . . . . . . Corruption Blocked . | . . . . . . . . . . . . Effects 1 | . . . . . . . . . . . 1 Message Errors 1 | . . . . . . . . . . . 1 Overload Shots . | . . . . . . . . . . . . Overflow Damage 780 | . . 28 12 . . 30 6 14 310 114 266 Projectiles . | . . . . . . . . . . . . Explosions 334 | . . 28 . . . . 6 . 34 . 266 Melee 446 | . . . 12 . . 30 . 14 276 114 . Knockbacks 1 | . . . . . . . . . 1 . . Impact 1 | . . . . . . . . . 1 . . Kinetic . | . . . . . . . . . . . . Secondary . | . . . . . . . . . . . . Self-Inflicted Damage 430 | . . 10 . . . . . . . . 420 Shots 2 | . . . . . . . . . . . 2 Rammed 6 | . . 6 . . . . . . . . . Targets Rammed 6 | . . 6 . . . . . . . . . Kicked . | . . . . . . . . . . . . Crushed . | . . . . . . . . . . . . Highest Temperature 164 | . . 7 . . . . . 55 112 164 38 Average Temperature 54 | . . 7 . . . . . 31 33 127 23 Received Heat Transfer 449 | . 6 . 186 18 . 45 35 42 9 9 99 Siege Activations . | . . . . . . . . . . . . Martial Activations . | . . . . . . . . . . . . Shielding Activations . | . . . . . . . . . . . . Robots Disrupted . | . . . . . . . . . . . . Combat Hostiles . | . . . . . . . . . . . . Robots Corrupted 2 | . . . . . . . . . 2 . . Combat Hostiles . | . . . . . . . . . . . . Parts Fried 8 | . . . . . . . 2 . 6 . . Impact Corruptions 7 | . . . . . . . . . 7 . . Robots Melted . | . . . . . . . . . . . . Combat Hostiles . | . . . . . . . . . . . . Parts Melted . | . . . . . . . . . . . . Heat Transferred . | . . . . . . . . . . . . Parts Sabotaged . | . . . . . . . . . . . . Parts Stolen . | . . . . . . . . . . . . Parts Stripped . | . . . . . . . . . . . . Power Chain Reactions . | . . . . . . . . . . . . Alert | -11 -10 -10 -10 -7 -7 -5 -4 -3 -2 -2 -2 ------- Run | Yrd Mat Min Sub Rec Scr Fac Fac Res Res Tes Frg Maximum Alert Level 1 | . . . . . . 1 1 . . . . Low Security (%) 98 | 100 100 100 . 100 . 86 99 100 100 100 100 Level 1 1 | . . . . . . 13 . . . . . Level 2 . | . . . . . . . . . . . . Level 3 . | . . . . . . . . . . . . Level 4 . | . . . . . . . . . . . . Level 5 . | . . . . . . . . . . . . High Security . | . . . . . . . . . . . . Max Security . | . . . . . . . . . . . . Peak Influence 341 | . 15 95 . . . 341 207 108 184 181 101 Initial 166 | . . 1 . . . . 166 108 42 111 96 Average 75 | . 3 46 . . . 57 135 81 68 146 26 Influence Increases 1449 | . 15 135 . . . 405 331 78 237 120 128 Destroy 0b10 Robot/C 180 | . . 60 . . . 80 . . 40 . . Destroy 0b10 Robot/NC 125 | . . . . . . 60 20 . 25 15 5 Destroy Leader 40 | . . 10 . . . 22 4 . 4 . . Allied During Kill 7 | . . . . . . 7 . . . . . Successful Hack 80 | . . . . . . 10 6 16 . 12 36 Disable Machine 270 | . . . . . . 75 120 . 15 30 30 Destroy Structure 282 | . . 20 . . . 136 16 2 48 18 42 Partial Spotted 225 | . 15 . . . . . 75 30 60 45 . Lose Combat Pursuer 240 | . . 45 . . . 15 90 30 45 . 15 Influence Decreases 1449 | . 10 85 55 . . 64 465 209 114 148 299 Entered New Map 504 | . . 4 29 . . . 175 99 34 88 75 Time Decay 531 | . 10 81 26 . . 54 110 70 70 60 50 Lost Part 149 | . . . . . . 10 30 40 10 . 59 Purge Threat 265 | . . . . . . . 150 . . . 115 Squads Dispatched 27 | . . . . . . 7 12 4 2 1 1 Investigation 15 | . . . . . . 6 5 3 1 . . Extermination 4 | . . . . . . 1 1 1 . 1 . Reinforcement 6 | . . . . . . . 4 . 1 . 1 Assault . | . . . . . . . . . . . . Garrison 2 | . . . . . . . 2 . . . . Intercept . | . . . . . . . . . . . . Searches Triggered . | . . . . . . . . . . . . Construction Impeded . | . . . . . . . . . . . . Haulers Reinforced 1 | . . . . . . . 1 . . . . Active Scanning Responses . | . . . . . . . . . . . . Cargo Convoy Interrupts . | . . . . . . . . . . . . Stealth | -11 -10 -10 -10 -7 -7 -5 -4 -3 -2 -2 -2 --------- Run | Yrd Mat Min Sub Rec Scr Fac Fac Res Res Tes Frg Distress Signals 6 | . . . . . . . 1 1 3 . 1 Communications Jammed . | . . . . . . . . . . . . Distress Signals . | . . . . . . . . . . . . Times Spotted 115 | . 2 5 9 2 . 12 21 16 18 1 29 Peak Tracking Total 23 | . 2 3 6 2 . 9 13 17 14 1 23 Tactical Retreats 10 | . . 2 . . . 1 2 1 3 . 1 Traps | -11 -10 -10 -10 -7 -7 -5 -4 -3 -2 -2 -2 ------- Run | Yrd Mat Min Sub Rec Scr Fac Fac Res Res Tes Frg Traps Triggered 1 | . . . . . . 1 . . . . . Indirectly . | . . . . . . . . . . . . Trap Hack Attempts . | . . . . . . . . . . . . Triggered . | . . . . . . . . . . . . Disarmed 6 | . . . . . . . . . . . 6 Reprogrammed . | . . . . . . . . . . . . Reused . | . . . . . . . . . . . . Traps Extracted . | . . . . . . . . . . . . Installed . | . . . . . . . . . . . . Triggered . | . . . . . . . . . . . . Objects Rigged 10 | . . . . . . . 9 1 . . . Exploded 3 | . . . . . . . 3 . . . . Machines | -11 -10 -10 -10 -7 -7 -5 -4 -3 -2 -2 -2 ---------- Run | Yrd Mat Min Sub Rec Scr Fac Fac Res Res Tes Frg Machines Disabled 18 | . . . . . . 5 8 . 1 2 2 Max in Single Turn 3 | . . . . . . 1 3 . 1 1 1 Machines Repaired . | . . . . . . . . . . . . Machines Dismantled . | . . . . . . . . . . . . Machines Sabotaged . | . . . . . . . . . . . . Overloaded Fab Kills . | . . . . . . . . . . . . Hacking | -11 -10 -10 -10 -7 -7 -5 -4 -3 -2 -2 -2 --------- Run | Yrd Mat Min Sub Rec Scr Fac Fac Res Res Tes Frg Machines Accessed 28 | . . . . . 1 6 7 4 5 3 2 Terminals 14 | . . . . . . 1 3 2 4 2 2 Fabricators . | . . . . . . . . . . . . Repair Stations 1 | . . . . . . . . . 1 . . Recycling Units 11 | . . . . . . 5 4 2 . . . Scanalyzers 1 | . . . . . . . . . . 1 . Garrison Access . | . . . . . . . . . . . . Total Hacks 91 | . . . . . 3 15 29 16 13 8 7 Successful 57 | . . . . . 3 7 18 10 7 6 6 Failed 34 | . . . . . . 8 11 6 6 2 1 Catastrophic 4 | . . . . . . 1 1 1 1 . . Database Lockouts . | . . . . . . . . . . . . Manual 56 | . . . . . . 13 17 12 8 3 3 Terminals 64 | . . . . . . 6 24 13 10 4 7 Fabricators . | . . . . . . . . . . . . Repair Stations 3 | . . . . . . . . . 3 . . Recycling Units 17 | . . . . . . 9 5 3 . . . Scanalyzers 4 | . . . . . . . . . . 4 . Garrison Access . | . . . . . . . . . . . . Terminal Hacks 27 | . . . . . 3 1 9 5 4 1 4 Record 3 | . . . . . 3 . . . . . . Level Access Points 3 | . . . . . . . 1 1 1 . . Branch Access Points 4 | . . . . . . 1 1 . 1 1 . Emergency Access Points 2 | . . . . . . . 1 1 . . . Machine Index 1 | . . . . . . . . 1 . . . Alert Level 2 | . . . . . . . 1 1 . . . Unreport Threat 2 | . . . . . . . 1 . . . 1 Locate Traps 2 | . . . . . . . . 1 1 . . Disarm Traps 2 | . . . . . . . . . . . 2 Maintenance Status 1 | . . . . . . . . . . . 1 Recall Investigation 2 | . . . . . . . 2 . . . . Registered Components 1 | . . . . . . . 1 . . . . Zone Layout 2 | . . . . . . . 1 . 1 . . Fabricator Hacks . | . . . . . . . . . . . . Repair Station Hacks . | . . . . . . . . . . . . Recycling Unit Hacks . | . . . . . . . . . . . . Scanalyzer 4 | . . . . . . . . . . 4 . Retrieve Study 4 | . . . . . . . . . . 4 . Garrison Access Hacks . | . . . . . . . . . . . . Unauthorized Hacks 26 | . . . . . . 6 9 5 3 1 2 Terminals 14 | . . . . . . 1 5 3 2 1 2 Track 1 | . . . . . . . 1 . . . . Botnet 11 | . . . . . . 1 3 2 2 1 2 Detonate 2 | . . . . . . . 1 1 . . . Fabricators . | . . . . . . . . . . . . Repair Stations 1 | . . . . . . . . . 1 . . Patch 1 | . . . . . . . . . 1 . . Recycling Units 11 | . . . . . . 5 4 2 . . . Fedlink 11 | . . . . . . 5 4 2 . . . Scanalyzers . | . . . . . . . . . . . . Garrison Access . | . . . . . . . . . . . . Data Cores Recovered 2 | . . . . . . 1 . . . . 1 Used 1 | . . . . . . . . . . . 1 Hacking Detections 18 | . . . . . . 2 3 3 5 3 2 Full Trace Events 2 | . . . . . . . 1 1 . . . Feedback Events . | . . . . . . . . . . . . Feedback Blocked . | . . . . . . . . . . . . Robot Schematics Acquired . | . . . . . . . . . . . . Robots Built . | . . . . . . . . . . . . Authchips . | . . . . . . . . . . . . Time . | . . . . . . . . . . . . Total Robot Build Rating . | . . . . . . . . . . . . Part Schematics Acquired . | . . . . . . . . . . . . Parts Built . | . . . . . . . . . . . . Authchips . | . . . . . . . . . . . . Time . | . . . . . . . . . . . . Total Part Build Rating . | . . . . . . . . . . . . Part Studies Acquired 4 | . . . . . . . . . . 4 . Parts Repaired . | . . . . . . . . . . . . Time . | . . . . . . . . . . . . Parts Recycled . | . . . . . . . . . . . . Recycled Matter . | . . . . . . . . . . . . Retrieved Matter . | . . . . . . . . . . . . Retrieved Components . | . . . . . . . . . . . . Parts Scanalyzed . | . . . . . . . . . . . . Part Schematics Acquired . | . . . . . . . . . . . . Parts Damaged . | . . . . . . . . . . . . Bothacking | -11 -10 -10 -10 -7 -7 -5 -4 -3 -2 -2 -2 ------------ Run | Yrd Mat Min Sub Rec Scr Fac Fac Res Res Tes Frg Used RIF Installer . | . . . . . . . . . . . . Robots Hacked . | . . . . . . . . . . . . Non-combat . | . . . . . . . . . . . . Combat . | . . . . . . . . . . . . Robot Hacks Applied . | . . . . . . . . . . . . Relay Couplers Released . | . . . . . . . . . . . . Fabnet Peak Effective % . | . . . . . . . . . . . . Robots Rewired 1 | . . . . . . 1 . . . . . Allies Hacked . | . . . . . . . . . . . . Hacks Repelled . | . . . . . . . . . . . . Allies | -11 -10 -10 -10 -7 -7 -5 -4 -3 -2 -2 -2 -------- Run | Yrd Mat Min Sub Rec Scr Fac Fac Res Res Tes Frg Total Allies 1 | . . . . . . 1 . . . . . Largest Group 1 | . . . . . . 1 . . . . . Highest-Rated Group 49 | . . . . . . 49 . . . . . Highest-Rated Ally 49 | . . . . . . 49 . . . . . Total Orders . | . . . . . . . . . . . . Ally Attacks 10 | . . . . . . 10 . . . . . Total Damage 1555 | . . . . . . 1555 . . . . . Kills 13 | . . . . . . 13 . . . . . Allies Corrupted . | . . . . . . . . . . . . Allies Melted . | . . . . . . . . . . . . Intel | -11 -10 -10 -10 -7 -7 -5 -4 -3 -2 -2 -2 ------- Run | Yrd Mat Min Sub Rec Scr Fac Fac Res Res Tes Frg Active Infowar (turns) 907 | . . . . . . 165 228 145 124 135 110 Sensors 892 | . . . . . . 150 228 145 124 135 110 Structural 372 | . . . . . . 165 207 . . . . Robot Analysis Total . | . . . . . . . . . . . . Derelict Logs Recovered 1 | . . 1 . . . . . . . . . Drone Launches . | . . . . . . . . . . . . Drone Recoveries . | . . . . . . . . . . . . Exploration | -11 -10 -10 -10 -7 -7 -5 -4 -3 -2 -2 -2 ------------- Run | Yrd Mat Min Sub Rec Scr Fac Fac Res Res Tes Frg Turns Passed 1777 | 13 23 244 227 56 249 169 228 145 150 135 138 Spaces Moved 3727 | 19 46 358 200 104 509 352 507 338 406 489 399 Core 895 | 19 46 358 122 104 245 . . . . . 1 Treads . | . . . . . . . . . . . . Legs . | . . . . . . . . . . . . Wheels 78 | . . . 78 . . . . . . . . Hover . | . . . . . . . . . . . . Flight 2754 | . . . . . 264 352 507 338 406 489 398 Fastest Speed 6 | 50 50 50 50 50 42 33 31 6 6 6 6 Average Speed 34 | 50 50 50 73 50 45 35 36 31 15 17 19 Slowest Speed 200 | 50 50 100 110 50 50 42 39 64 16 18 200 Overloaded Moves 156 | . . . . . . . . 3 29 14 110 Propulsion Burnouts . | . . . . . . . . . . . . Robots Hopped 35 | . . . . . . 5 5 3 6 3 13 Potential Cave-ins . | . . . . . . . . . . . . Cave-ins Triggered . | . . . . . . . . . . . . Exploration Rate (%) 25 | 3 15 86 20 21 39 9 17 9 15 54 21 Regions Visited 11 Branch Regions 6 Pre-discovered Areas 1 | . . . . . . 1 . . . . . Known Exits Taken 5 | . . . . . . 1 1 1 1 1 . Unknown Exits Taken 6 | 1 1 1 1 1 1 . . . . . . Scrap Searched 5 | . . 3 . . 2 . . . . . . Spaces Dug 34 | . . . . . . 3 8 1 2 6 14 Terrain Destroyed 91 | . . 34 . . . 3 8 1 25 6 14 Melee 27 | . . . . . . 3 8 1 2 6 7 Projectile . | . . . . . . . . . . . . AOE 64 | . . 34 . . . . . . 23 . 7 Terrain Rammed . | . . . . . . . . . . . . Walls Destroyed . | . . . . . . . . . . . . Machines Disabled . | . . . . . . . . . . . . Actions | -11 -10 -10 -10 -7 -7 -5 -4 -3 -2 -2 -2 --------- Run | Yrd Mat Min Sub Rec Scr Fac Fac Res Res Tes Frg Total 4075 | 20 45 418 262 107 523 383 529 369 472 520 427 Wait 173 | . . 47 39 . 1 8 1 17 41 7 12 Move 3651 | 18 45 357 199 103 508 341 496 332 394 483 375 Hop 30 | . . . . . . 5 5 2 5 2 11 Pick Up 20 | . . 2 . . 3 4 4 2 2 2 1 Fast Attach 45 | 2 . . 6 2 6 8 4 5 4 7 1 Attach 12 | . . 1 1 . 1 2 3 2 1 . 1 Detach 6 | . . 1 1 . . 2 . . . 1 1 Swap 10 | . . . . . . 1 1 3 1 1 3 Drop 38 | . . . 2 2 4 4 3 3 7 6 7 Fire 9 | . . 4 . . . . . . 3 . 2 Melee 74 | . . . 14 . . 7 12 3 14 11 13 Ram 6 | . . 6 . . . . . . . . . Kick . | . . . . . . . . . . . . Crush . | . . . . . . . . . . . . Escape Stasis . | . . . . . . . . . . . . Rewire 1 | . . . . . . 1 . . . . . Trap . | . . . . . . . . . . . . Miscellaneous . | . . . . . . . . . . . . Route ------- -11/Scrapyard -10/Materials -10/Mines (discovered 3 exits: [*Mat x2] / [*Sub]) -10/Subcaves (discovered 3 exits: [*Mat x2] / [*Rec]) -7/Recycling -7/Scraptown -5/Factory (discovered 5 exits: *Fac / Upp x2 / Ext x2) -4/Factory (discovered 7 exits: *Res x4 / *Upp x2 / Arm) -3/Research (discovered 3 exits: *Res x3) -2/Research (discovered 5 exits: Acc x3 / *Tes x2) -2/Testing (discovered 3 exits: *Acc / [*Sec] / *Frg) -2/Protoforge History --------- Turn | Location | Event 2 | -11/Scrapyard | Met Revision 17 6 | -11/Scrapyard | Discovered new exit (range 15) 14 | -11/Scrapyard | Entered Materials 14 | -10/Materials | Discovered new exit (range 14) 37 | -10/Materials | Entered Mines 47 | -10/Mines | Received a Rocket Launcher from a helpful Derelict 63 | -10/Mines | Learned 4 Materials zone layouts 118 | -10/Mines | Discovered new exit (range 13) 210 | -10/Mines | Discovered new exit (range 15) 270 | -10/Mines | Discovered new exit (range 4) 281 | -10/Mines | Entered Subcaves 281 | -10/Subcaves | Discovered new exit (range 10) 282 | -10/Subcaves | Approached by a straggling Scientist 302 | -10/Subcaves | Shifting Twisted Machinery released Mak. Spear 340 | -10/Subcaves | Build established: Mutant 347 | -10/Subcaves | Shifting Twisted Machinery released Sub. Monowheel 488 | -10/Subcaves | Discovered new exit (range 8) 491 | -10/Subcaves | Discovered new exit (range 16) 508 | -10/Subcaves | Entered Recycling 540 | -7/Recycling | Core integrity fell below 50% 552 | -7/Recycling | Scanned before Scraplab entrance 559 | -7/Recycling | Entered Scraplab 563 | -7/Recycling | Discovered new exit (range 2) 564 | -7/Recycling | Entered Scraptown 600 | -7/Scraptown | Visited UFD Registry 600 | -7/Scraptown | Registered with UFD as "Beamplate" 639 | -7/Scraptown | Visited A0-MCA Data Center 642 | -7/Scraptown | Given a B- rating by A0-MCA 645 | -7/Scraptown | Found A0-MCA's Component Scanner 658 | -7/Scraptown | Visited Abandonware Association 664 | -7/Scraptown | Learned abandonware demo "REPAIR.EXE" 681 | -7/Scraptown | Visited DA-N13 Charitable Foundation 686 | -7/Scraptown | Found DCF Scrap (30 items) 709 | -7/Scraptown | Visited Scrapoid Pod Storage 715 | -7/Scraptown | Visited Junk Repository 731 | -7/Scraptown | Visited Research Penetration Think Tank 740 | -7/Scraptown | Visited Junk Repository 764 | -7/Scraptown | Visited Curators Association 790 | -7/Scraptown | Met Optimus 790 | -7/Scraptown | Accepted into 0bPrime 813 | -7/Scraptown | Discovered new exit (range 3) 813 | -7/Scraptown | Entered Factory 813 | -5/Factory | Evolved 10 slots: Power x1, Propulsion x4, Utility x5 873 | -5/Factory | Loaded intel: 8 recycling unit locations 899 | -5/Factory | Learned location of Protoforge (-2) 932 | -5/Factory | Identified exit to Upper Caves 932 | -5/Factory | Identified exit to Extension 960 | -5/Factory | Discovered new exit (range 9) 981 | -5/Factory | Identified exit to Factory 982 | -5/Factory | Entered another Factory area 982 | -4/Factory | Evolved 2 slots: Utility x2 993 | -4/Factory | Loaded intel: 8 recycling unit locations 1036 | -4/Factory | Garrison activated, responded to threat 1102 | -4/Factory | Identified exit to Upper Caves 1102 | -4/Factory | Identified exit to Armory 1128 | -4/Factory | Identified exit to Research 1198 | -4/Factory | Garrison activated, responded to threat 1210 | -4/Factory | Entered Research 1210 | -3/Research | Evolved 2 slots: Utility x2 1234 | -3/Research | Loaded intel: 5 recycling unit locations 1258 | -3/Research | Identified exit to Research 1326 | -3/Research | Lost 3 parts (1p1n1u) 1355 | -3/Research | Entered another Research area 1355 | -2/Research | Evolved 2 slots: Weapon x2 1364 | -2/Research | Identified exit to Access 1458 | -2/Research | Identified exit to Testing 1505 | -2/Research | Entered Testing 1524 | -2/Testing | Found Prototype Launcher 1524 | -2/Testing | Identified Z-bomb Delivery System 1559 | -2/Testing | Discovered exit to Access (range 16) 1628 | -2/Testing | Spotted Fortress 1638 | -2/Testing | Discovered new exit (range 7) 1638 | -2/Testing | Discovered new exit (range 6) 1639 | -2/Testing | Identified exit to Protoforge 1640 | -2/Testing | Entered Protoforge 1650 | -2/Protoforge | Superfortress began startup sequence 1672 | -2/Protoforge | Spotted Hotshot 1672 | -2/Protoforge | Spotted Hotshot 1690 | -2/Protoforge | Build established: Hacker-Sprinter 1719 | -2/Protoforge | Spotted Hotshot 1719 | -2/Protoforge | Spotted Hotshot 1754 | -2/Protoforge | Spotted Decapitator 1755 | -2/Protoforge | Spotted Decapitator 1756 | -2/Protoforge | Spotted Decapitator 1756 | -2/Protoforge | Spotted Decapitator 1758 | -2/Protoforge | Spotted AP7-3 1759 | -2/Protoforge | Spotted AP7-3 1760 | -2/Protoforge | Spotted Overlord 1761 | -2/Protoforge | Core integrity fell below 50% 1761 | -2/Protoforge | Spotted EXE-6 1762 | -2/Protoforge | Spotted EXE-6 1766 | -2/Protoforge | Spotted Decapitator 1767 | -2/Protoforge | Spotted Decapitator 1772 | -2/Protoforge | Core integrity fell below 20% 1778 | -2/Protoforge | Destroyed by Decapitator with Experimental Terror Saw Last Messages --------------- payload. 01753_ P-80 Master unfolds itself. 01754_ Acquired 87 matter. 01756_ K-01 Serf collects debris. 01756_ Adv. Surge Thruster+ destroyed. 01757_ Dropped Vibroblade. 01761_ 0,ULUQ|NL=FSUUJ=Y 6CW&8II KOUZBIBC 01761_ Penetrated by Slug. 01764_ Forge Pylon damaged. 01766_ EXE-6 springs to life. 01766_ Forge Pylon damaged. 01766_ EXE-6 springs to life. 01766_ Adv. Surge Thruster+ destroyed. 01768_ Decapitator springs to life. 01768_ Dropped Vibroblade. 01768_ Decapitator springs to life. 01768_ K-01 Serf cleans the Machine. 01769_ Forge Pylon damaged. 01770_ Machine disabled. 01771_ Penetrated by Slug. Map ----- +----------------------------------------------------+ | ?????????????????????????????????????????????????? | | ?????????????????????????????????????????????????? | | ?????????????????????????????????????????????????? | | ?????????????????????????????????????????????????? | | ?????????????????????????????????????????????????? | | ?????????????????????????????????????????????????? | | ?????????????????????????????????????????????????? | | ?? "????????????????????????????????????????????? | | "? ""??????????????????????????????????????????? | | "" """""??????????????????????????????????????? | | """????????? "" ?????????????????????? | | """ ? "" "" "????????????????????? | | " """"" " "" "" ?????????????????? | | " " " ?? ??????????????? | | " """" """" " "? ""????????????? | | """ """ "" """""""""" "" ?????????????? | | " " """" "?" " ?????????????? | | "" " """ " """ " "?? ???????????? | | " " " " "" "" " "" ??????????? | | " """" " "" "" ??????????? | | """"" "" """ " " " "???????????? | | " " " c """" "" ?????????? | | " ?????????? | | """""""""" """ ????????? | | """" """""" cccc """ ????????? | | " """""""""" c@ " " "???????????? | | ###############################+++#??????????????? | | ?????????????????????????????????????????????????? | | ?????????????????????????????????????????????????? | | ?????????????????????????????????????????????????? | | ?????????????????????????????????????????????????? | | ?????????????????????????????????????????????????? | | ?????????????????????????????????????????????????? | | ?????????????????????????????????????????????????? | | ?????????????????????????????????????????????????? | | ?????????????????????????????????????????????????? | | ?????????????????????????????????????????????????? | | ?????????????????????????????????????????????????? | | ?????????????????????????????????????????????????? | | ?????????????????????????????????????????????????? | | ?????????????????????????????????????????????????? | | ?????????????????????????????????????????????????? | | ?????????????????????????????????????????????????? | | ?????????????????????????????????????????????????? | | ?????????????????????????????????????????????????? | | ?????????????????????????????????????????????????? | | ?????????????????????????????????????????????????? | | ?????????????????????????????????????????????????? | | ?????????????????????????????????????????????????? | | ?????????????????????????????????????????????????? | +----------------------------------------------------+ Best States ------------- Heat Dissipation 49 Energy Generation 38 Energy Capacity 1490 Matter Stores 290 Matter Capacity 300 Sight Range 16 Robot Scan Range 16 Terrain Scan Density 210 Additional Mass Support 9 Corruption Block 7 Armor Coverage 800 Evasion (%) 66 Melee Accuracy 8 Offensive Hacking 42 Defensive Hacking 10 Item Schematics ----------------- None Robot Schematics ------------------ None Fabricated ------------ Nothing Repaired ---------- Nothing Studied --------- Adv. Surge Thruster | -2/Testing | Hacked Nuclear Pulse Array | -2/Testing | Hacked Lgt. Quantum Reactor | -2/Testing | Hacked Particle Reactor | -2/Testing | Hacked Alien Tech Used ----------------- None Achievements -------------- Please No, No That Challenges ------------ None Game ------ Seed ConceptFrostMediator Manual? 0 Play Time 00:35:04 Cumulative 383.0 hours Start 2025.11.07 @ 12:28:24 End 2025.11.07 @ 13:02:21 Sessions 1 Manual Loads 0 Difficulty Rogue Special Mode None Game No. 346 Rogue 346 Adventurer 0 Explorer 0 Win Type - Total 3 Types 2/1/0/0/0/0/0/0/0/0 Lore% 84 Gallery% 83 Achievement% 61 Wizard Run 0 Options --------- Layout 1 ASCII 0 Keyboard 0 Movement Numpad Keybinds 0 Fullscreen 1 Font 24/Smallcaps Map View 50x35 Zoom Use 0% Tactical HUD 1 Map Filters NONE Filters NONE Steam 1 RUN: 37046da7-a6f5-4c2c-92ac-87d30d2053e6